Cogmind - Beta 12 X1 @@@ ROGUE MODE // 2022.07.16 @ 17:27:04 Player: leiavoia Result: Destroyed by D-53 Grenadier with Mini Grenade Launcher Performance ------------- Evolutions (0) 0 Regions Visited (2) 400 Robots Destroyed (20) 100 Value Destroyed (453) 453 Prototype IDs (0) 0 Alien Tech Used (0) 0 Bonus (0) 0 TOTAL SCORE: 953 Bonus ------- None Cogmind --------- Core Integrity 0/250 Matter 204/300 Energy 100/100 System Corruption 8% Temperature Warm (132) Movement Rolling (180) Ox6 Location -10/Mines Parts ------- > --- POWER (1) -------- (None) > --- PROPULSION (2) --- Armored Wheel Armored Wheel > --- UTILITY (2) ------ Huge Storage Unit Huge Storage Unit > --- WEAPON (2) ------- Beam Cannon > --- INVENTORY (25) --- Light Treads Light Treads Armored Wheel Armored Wheel Cooling System Cooling System Cooling System Small Storage Unit Medium Storage Unit Huge Storage Unit Experimental Sensor Array Improved Targeting Computer High-powered Tractor Beam High-powered Tractor Beam Beam Cannon Beam Cannon Beam Cannon Rocket Launcher Rocket Launcher Rocket Launcher Rocket Launcher Peak State ------------ > --- POWER ------------ Fission Core > --- PROPULSION ------- Armored Wheel Armored Wheel > --- UTILITY ---------- Huge Storage Unit Huge Storage Unit > --- WEAPON ----------- Beam Cannon Autogun > --- INVENTORY -------- Light Treads Light Treads Armored Wheel Armored Wheel Cooling System Cooling System Cooling System Small Storage Unit Medium Storage Unit Huge Storage Unit Experimental Sensor Array Improved Targeting Computer High-powered Tractor Beam High-powered Tractor Beam Beam Cannon Beam Cannon Beam Cannon Beam Cannon Rocket Launcher Rocket Launcher Rocket Launcher Rocket Launcher [Rating: 18] Favorites ----------- Power Ion Engine Engine Ion Engine Power Core Fission Core Propulsion Armored Wheel Treads Light Treads Leg Aluminum Leg Wheel Armored Wheel Utility Seismic Detector Device Seismic Detector Storage Huge Storage Unit Weapon Autogun Energy Cannon Beam Cannon Ballistic Gun Autogun Launcher Rocket Launcher Build | -11 -10 -10 ------- Run | Scr Mat Min Slots Evolved . | . . . Power . | . . . Propulsion . | . . . Utility . | . . . Weapon . | . . . Parts Attached 25 | 2 16 7 Power 4 | . 2 2 Engine 3 | . 2 1 Core 1 | . . 1 Reactor . | . . . Propulsion 4 | . 4 . Treads 2 | . 2 . Leg . | . . . Wheel 2 | . 2 . Hover . | . . . Flight . | . . . Utility 4 | 1 2 1 Device 1 | 1 . . Storage 3 | . 2 1 Processor . | . . . Hackware . | . . . Protection . | . . . Artifact . | . . . Weapon 13 | 1 8 4 Energy Gun . | . . . Energy Cannon 2 | . . 2 Ballistic Gun 7 | 1 5 1 Ballistic Cannon . | . . . Launcher 4 | . 3 1 Special Weapon . | . . . Impact Weapon . | . . . Slashing Weapon . | . . . Piercing Weapon . | . . . Special Melee Weapon . | . . . Unidentified Prototypes . | . . . Parts Lost 8 | . 1 7 Power 3 | . 1 2 Propulsion . | . . . Utility 1 | . . 1 Weapon 4 | . . 4 Highest Loss Streak 4 | . 1 4 To Critical Strikes . | . . . Average Slot Usage (%) 97 | . 99 86 Engine 13 | . 13 13 Treads 12 | . 14 . Leg 1 | . 1 . Wheel 14 | . 12 28 Device 11 | . 14 1 Storage 14 | . 14 14 Energy Cannon 2 | . . 12 Ballistic Gun 25 | . 27 14 Naked Turns . | . . . Heaviest Build 92 | 12 92 92 Greatest Support 40 | 20 40 24 Greatest Overweight (x) 3 | . 3 3 Average Overweight (x) 1 | . 1 3 Largest Inventory Capacity 25 | 8 25 25 Average Capacity 17 | 8 15 25 Most Carried 25 | 7 25 25 Average Carried 15 | 6 13 23 Final Capacity 25 | 8 25 25 Final Carried 25 | 7 25 21 Class Distribution -------------------- 100% | Mutant Dominant Class ---------------- Mutant | -10/Materials Mutant | -10/Mines Resources | -11 -10 -10 ----------- Run | Scr Mat Min Matter Collected 881 | 240 539 102 Remotely . | . . . Salvage Created 710 | 108 568 34 Parts 50 | 7 43 . Haulers Intercepted 1 | . 1 . Recyclers Shooed 2 | . 2 . Parts Field Recycled . | . . . Retrieved Matter . | . . . Parts Self-Destructed . | . . . Prevented . | . . . Kills | -11 -10 -10 ------- Run | Scr Mat Min Combat Hostiles Destroyed 29 | . 11 18 Guns 9 | . 9 . AOE 20 | . 2 18 Classes Destroyed 8 | 2 5 1 Worker 2 | . 2 . Tunneler 1 | 1 . . Hauler 1 | . 1 . Recycler 2 | 1 1 . Watcher 3 | . 3 . Swarmer 2 | . 2 . Grunt 9 | . 9 . Assembled 18 | . . 18 Best Kill Streak 18 | 2 5 18 Combat Bots Only 18 | . 2 18 Max Kills in Single Turn 7 | 1 1 7 Gunslinging . | . . . Exploded 7 | . 1 7 Melee . | . . . Uniques/NPCs Destroyed . | . . . Combat | -11 -10 -10 -------- Run | Scr Mat Min Damage Taken 1409 | . 458 951 Core 255 | . 79 176 Absorbed by Shields . | . . . Core Remaining (%) 100 | 100 . . Volleys Fired 69 | 5 53 11 Largest 2 | 2 2 2 Hottest 83 | 40 46 83 Shots Fired 123 | 10 97 16 Gun 106 | 10 89 7 Cannon 5 | . . 5 Launcher 12 | . 8 4 Special . | . . . Kinetic 106 | 10 89 7 Thermal 5 | . . 5 Explosive 12 | . 8 4 Electromagnetic . | . . . Robot Hit Streak 8 | 8 6 3 Robot Miss Streak 3 | . 3 3 Penetration Max . | . . . Secondary Targets . | . . . Shots Hit Robots 66 | 8 51 7 Core Hits 65 | 4 24 37 Critical Kills 1 | . 1 . Critical Parts Destroyed 1 | . 1 . Critical Strikes 2 | . 2 . Destroy 2 | . 2 . Melee Attacks . | . . . Impact . | . . . Slashing . | . . . Piercing . | . . . Sneak Attacks . | . . . Combat Hostiles . | . . . Follow-up Attacks . | . . . Damage Inflicted 2462 | 84 1161 1217 Guns 939 | 84 761 94 Cannons 17 | . . 17 Explosions 1486 | . 380 1106 Melee . | . . . Ramming 20 | . 20 . Kinetic 939 | 84 761 94 Thermal 17 | . . 17 Explosive 1486 | . 380 1106 Electromagnetic . | . . . Impact . | . . . Slashing . | . . . Piercing . | . . . Highest Corruption 8 | . 1 8 Average Corruption 2 | . 1 7 Corruption Purged . | . . . Corruption Blocked . | . . . Effects 16 | . 8 8 Message Errors 2 | . . 2 Matter Fused 6 | . 4 2 Energy Discharges 1 | . . 1 Parts Rejected 1 | . . 1 Data Loss (minor) 2 | . 1 1 Data Loss (major) 2 | . 1 1 Alerts 1 | . 1 . Weapon Failures 1 | . 1 . Overload Shots . | . . . Overflow Damage 88 | . 57 31 Projectiles . | . . . Explosions 88 | . 57 31 Melee . | . . . Knockbacks . | . . . Impact . | . . . Kinetic . | . . . Secondary . | . . . Self-Inflicted Damage 133 | . 53 80 Shots 6 | . 3 3 Rammed 4 | . 4 . Targets Rammed 4 | . 4 . Kicked . | . . . Crushed . | . . . Highest Temperature 132 | . 85 132 Average Temperature 23 | . 16 54 Received Heat Transfer 275 | . 255 20 Siege Activations . | . . . Robots Corrupted . | . . . Combat Hostiles . | . . . Parts Fried . | . . . Impact Corruptions . | . . . Robots Melted . | . . . Combat Hostiles . | . . . Parts Melted . | . . . Heat Transferred 37 | . . 37 Parts Sabotaged . | . . . Parts Stolen . | . . . Parts Stripped . | . . . Power Chain Reactions . | . . . Missiles Intercepted . | . . . Alert | -11 -10 -10 ------- Run | Scr Mat Min Peak Influence 275 | 10 275 114 Initial 48 | . 6 48 Average 106 | 6 109 104 Maximum Alert Level 1 | . 1 . Low Security (%) 88 | 100 86 100 Level 1 11 | . 13 . Level 2 . | . . . Level 3 . | . . . Level 4 . | . . . Level 5 . | . . . High Security . | . . . Max Security . | . . . Squads Dispatched 4 | . 3 1 Investigation 2 | . 1 1 Extermination . | . . . Reinforcement 2 | . 2 . Assault . | . . . Garrison . | . . . Intercept . | . . . Searches Triggered . | . . . Construction Impeded . | . . . Haulers Reinforced . | . . . Active Scanning Responses . | . . . Cargo Convoy Interrupts . | . . . Stealth | -11 -10 -10 --------- Run | Scr Mat Min Distress Signals 2 | . 2 . Communications Jammed . | . . . Distress Signals . | . . . Times Spotted 44 | . 22 22 Peak Tracking Total 19 | . 4 19 Tactical Retreats 2 | . 1 1 Traps | -11 -10 -10 ------- Run | Scr Mat Min Traps Triggered 1 | . 1 . Indirectly . | . . . Trap Hack Attempts . | . . . Triggered . | . . . Disarmed . | . . . Reprogrammed . | . . . Reused . | . . . Traps Extracted . | . . . Installed . | . . . Triggered . | . . . Machines | -11 -10 -10 ---------- Run | Scr Mat Min Machines Disabled 3 | . 3 . Max in Single Turn 1 | . 1 . Machines Sabotaged . | . . . Garrisons Compromised . | . . . Overloaded Fab Kills . | . . . Hacking | -11 -10 -10 --------- Run | Scr Mat Min Machines Accessed 8 | . 7 1 Terminals 6 | . 5 1 Fabricators . | . . . Repair Stations . | . . . Recycling Units 2 | . 2 . Scanalyzers . | . . . Garrison Access . | . . . Total Hacks 30 | . 24 6 Successful 10 | . 6 4 Failed 20 | . 18 2 Catastrophic 2 | . 2 . Database Lockouts . | . . . Manual 29 | . 22 7 Terminals 23 | . 17 6 Fabricators . | . . . Repair Stations . | . . . Recycling Units 7 | . 7 . Scanalyzers . | . . . Garrison Access . | . . . Terminal Hacks 7 | . 3 4 Robot Analysis 7 | . 3 4 Fabricator Hacks . | . . . Repair Station Hacks . | . . . Recycling Unit Hacks 1 | . 1 . Retrieve Components 1 | . 1 . Scanalyzer . | . . . Garrison Access Hacks . | . . . Unauthorized Hacks 2 | . 2 . Terminals 1 | . 1 . Botnet 1 | . 1 . Fabricators . | . . . Repair Stations . | . . . Recycling Units 1 | . 1 . Mask 1 | . 1 . Scanalyzers . | . . . Garrison Access . | . . . Data Cores Recovered . | . . . Used . | . . . Hacking Detections 8 | . 7 1 Full Trace Events 4 | . 3 1 Feedback Events 1 | . 1 . Corruption 1 | . 1 . Feedback Blocked . | . . . Robot Schematics Acquired . | . . . Robots Built . | . . . Authchips . | . . . Time . | . . . Total Robot Build Rating . | . . . Part Schematics Acquired . | . . . Parts Built . | . . . Authchips . | . . . Time . | . . . Total Part Build Rating . | . . . Parts Repaired . | . . . Time . | . . . Parts Recycled . | . . . Recycled Matter . | . . . Retrieved Matter . | . . . Retrieved Components 9 | . 9 . Parts Scanalyzed . | . . . Part Schematics Acquired . | . . . Parts Damaged . | . . . Bothacking | -11 -10 -10 ------------ Run | Scr Mat Min Used RIF Installer . | . . . Robots Hacked . | . . . Non-combat . | . . . Combat . | . . . Robot Hacks Applied . | . . . Relay Couplers Released . | . . . Fabnet Peak Effective % . | . . . Robots Rewired . | . . . Allies Hacked . | . . . Hacks Repelled . | . . . Allies | -11 -10 -10 -------- Run | Scr Mat Min Total Allies . | . . . Largest Group . | . . . Highest-Rated Group . | . . . Highest-Rated Ally . | . . . Total Orders . | . . . Ally Attacks . | . . . Total Damage . | . . . Kills . | . . . Allies Corrupted . | . . . Allies Melted . | . . . Intel | -11 -10 -10 ------- Run | Scr Mat Min Robot Analysis Total 7 | . 3 4 Derelict Logs Recovered . | . . . Drone Launches . | . . . Drone Recoveries . | . . . Exploration | -11 -10 -10 ------------- Run | Scr Mat Min Turns Passed 1568 | 35 1292 241 Spaces Moved 882 | 15 714 153 Core . | . . . Treads 335 | . 335 . Legs 56 | 15 41 . Wheels 491 | . 338 153 Hover . | . . . Flight . | . . . Fastest Speed 120 | 120 120 135 Average Speed 143 | 120 145 135 Slowest Speed 160 | 120 160 135 Overloaded Moves . | . . . Propulsion Burnouts . | . . . Robots Hopped . | . . . Cave-ins Triggered . | . . . Exploration Rate (%) 46 | 3 97 40 Regions Visited 2 Branch Regions 1 Pre-discovered Areas . | . . . Known Exits Taken . | . . . Unknown Exits Taken 2 | 1 1 . Scrap Searched . | . . . Spaces Dug . | . . . Terrain Destroyed 96 | . 59 37 Melee . | . . . Projectile . | . . . AOE 96 | . 59 37 Terrain Rammed . | . . . Walls Destroyed . | . . . Machines Disabled . | . . . Actions | -11 -10 -10 --------- Run | Scr Mat Min Total 1079 | 22 884 173 Wait 64 | . 64 . Move 880 | 14 713 153 Hop . | . . . Pick Up 27 | 1 24 2 Fast Attach 2 | 1 1 . Attach 9 | . 3 6 Detach . | . . . Swap 14 | 1 12 1 Drop 10 | . 10 . Fire 69 | 5 53 11 Melee . | . . . Ram 1 | . 1 . Kick . | . . . Crush 3 | . 3 . Escape Stasis . | . . . Rewire . | . . . Trap . | . . . Miscellaneous . | . . . Route ------- -11/Scrapyard -10/Materials (discovered 4 exits: [*Mat x3] / *Min) -10/Mines History --------- Turn | Location | Event 1 | -11/Scrapyard | Discovered new exit (range 3) 36 | -11/Scrapyard | Entered Materials 301 | -10/Materials | Build established: Mutant 367 | -10/Materials | Discovered new exit (range 3) 548 | -10/Materials | Discovered new exit (range 12) 1038 | -10/Materials | Discovered new exit (range 13) 1166 | -10/Materials | Discovered new exit (range 10) 1328 | -10/Materials | Entered Mines 1329 | -10/Mines | Assembled infested the area 1334 | -10/Mines | Assisted by a Guerilla fighting off Assembled 1339 | -10/Mines | Core integrity fell below 50% 1367 | -10/Mines | Destroyed 18 combat bots 1375 | -10/Mines | Lost 3 parts (1u2w) 1398 | -10/Mines | Found a damaged Exp. Sensor Array with a note attached 1401 | -10/Mines | Found Prototype Device 1568 | -10/Mines | Core integrity fell below 20% 1569 | -10/Mines | Destroyed by D-53 Grenadier with Mini Grenade Launcher Last Messages --------------- U-class builders lay floors, assemble new machines, and reinforce and analyze the structural integrity of walls. They travel alone, but all those within a certain vicinity will work together to complete a task. 01432_ ALERT: Suspicious activity at Terminal M001. Dispatching Investigation squad. 01436_ System corrupted: Substantial component data lost. 01457_ LK KE7N/RQ6WHPEA5WJ1WJKVBQR6B 01473_ System corrupted: Energy discharge (-80). 01492_ 4BCSN=WYUJULE25N>OLG1A4L:PZU:0JHT 01512_ Acquired 3 matter. 01519_ System corrupted: Component data lost. 01543_ Acquired 96 matter. 01555_ Ion Engine destroyed. 01556_ T-07 Excavator destroyed. 01561_ The unstable cave ceiling collapses. 01563_ Beam Cannon destroyed. 01563_ Autogun destroyed. 01565_ The unstable cave ceiling collapses. 01569_ Fission Core destroyed. Map ----- +----------------------------------------------------+ | ????????????????# #?????########?? | | ????????????????## ####### #?? | | ??????############# #### """ #?? | | ??##### #####??######### """ #?? | | ??# ##??????????????# """ #?? | | ??# ############ #???????????????# #?? | | ??# ######??????????# ##???????????????# #?? | | ?## #???????????????# #????????????????# #?? | | ?# #???????????????# ????????????????######T#?? | | ?# #??????????????? ?????????????????????##?? | | ## ##?????????????# #?????????????????????? | | # #?????????????# ???????????????????? | | # #?????????????## ????????????????? | | ## ##?????????????### ???????????????? | | ?## ####???###???????# ????????????????? | | ??# ##### ##?????## ????????????????? | | ??# ##???## ?????????????????? | | ??# # ##### #?????????????????? | | ?## #?????????????????? | | ?# # ## dd ####??????????????? | | ?# # ##???##### r???????????????? | | ?## ## #####????????# ! #????????????????? | | ??## # # #?????????# = #?????????????????? | | ???### # #?????????## ###???????????????? | | ???# " #?????????# #???????????????? | | ???# #?????????# @ #???????????????? | | ???## #?????????# # #???????????????? | | ????# ##?????????# #??????????????????? | | ????## #####???### ##??#???????????????? | | ???## #??## # ## #???????????????? | | ???# ### #??# #???????????????? | | ???# ### #??# #???????????????? | | ???# ## #### ##??????????????? | | ???# #?????????? | | ???# #?????????? | | ???## ###### ##### #?????????? | | ????#### ##????## ### ##???????????????? | | ???????####??????#### ##?? ##????????????????? | | ????????????????????## ##????#?????????????????? | | ?????????????????????#####???????????????????????? | | ?????????????????????????????????????????????????? | | ?????????????????????????????????????????????????? | | ?????????????????????????????????????????????????? | | ?????????????????????????????????????????????????? | | ?????????????????????????????????????????????????? | | ?????????????????????????????????????????????????? | | ?????????????????????????????????????????????????? | | ?????????????????????????????????????????????????? | | ?????????????????????????????????????????????????? | | ?????????????????????????????????????????????????? | +----------------------------------------------------+ Best States ------------- Heat Dissipation 25 Energy Generation 18 Energy Capacity 310 Matter Stores 300 Matter Capacity 300 Sight Range 16 Terrain Scan Density 10 Evasion (%) 55 Recoil Reduction 2 Item Schematics ----------------- None Robot Schematics ------------------ None Fabricated ------------ Nothing Alien Tech Used ----------------- None Achievements -------------- Exterminator Challenges ------------ None Game ------ Seed ZioniteXenonThrower Manual? 0 Play Time 00:17:29 Cumulative 765.0 hours Start 2022.07.16 @ 17:09:25 End 2022.07.16 @ 17:27:04 Sessions 1 Manual Loads 0 Difficulty Rogue Special Mode None Game No. 187 Rogue 155 Adventurer 31 Explorer 1 Win Type - Total 38 Types 28/0/5/4/0/0/1/0/0 Lore% 84 Gallery% 87 Achievement% 75 Wizard Run 0 Options --------- ASCII 0 Keyboard 0 Movement Arrows Keybinds 0 Fullscreen 1 Font 20/Terminus Map View 66x50 Tactical HUD 1 Map Filters NONE Filters NONE Steam 1 RUN: 54104ae5-75e8-4c73-9345-4d778d5789c2